[Event "Titled Tuesday Blitz October 11 Early 2022"]
[White "Yurovskykh, Oleksandr"]
[Black "Averjanov, Alexey"]
[WhiteFideId "14134020"]
[BlackFideId "14109867"]
[WhiteElo "2303"]
[BlackElo "2684"]
[Result "1-0"]
[Round "11"]
[TimeControl "180+1"]
[Date "2022.10.12"]
[WhiteClock "0:00:06"]
[BlackClock "0:00:01"]

1. d4 d5 2. Bf4 Nf6 3. e3 e6 4. Nd2 c5 5. c3 Bd6 6. Bg3 Qc7 7. dxc5 Qxc5 8. Ngf3 Nbd7 9. Bd3 O-O 10. e4 Bxg3 11. hxg3 dxe4 12. Nxe4 Nxe4 13. Bxe4 Nf6 14. Qc2 h6 15. O-O e5 16. Rfe1 Re8 17. Rad1 Rb8 18. Nd2 Be6 19. Bf3 b5 20. a3 a5 21. Ne4 Nxe4 22. Bxe4 b4 23. axb4 axb4 24. cxb4 Qxb4 25. Rd2 Rec8 26. Qd3 f5 27. Bd5 Bxd5 28. Qxd5+ Kh7 29. Rxe5 Rc1+ 30. Kh2 Qg4 31. Rxf5 Rd8 32. Qxd8 Qxf5 33. Qd3 Qxd3 34. Rxd3 Rc2 35. b4 Rxf2 36. Rb3 Rf6 37. g4 Kg6 38. Kg3 Kg5 39. b5 Rb6 40. Rb4 g6 41. Kf3 Kf6 42. Ke4 Ke6 43. Kd4 Kd6 44. Rb1 Rb8 45. b6 Kc6 46. Ke5 Kb7 47. Kf6 Rf8+ 48. Kxg6 Rg8+ 49. Kh5 Rg5+ 50. Kh4 Rc5 51. Rf1 Kxb6 52. Rf6+ Kc7 53. Rxh6 Kd7 54. Rf6 Ke7 55. Rf2 Rc1 56. Kg5 Rc6 57. Kh5 Rc2 58. Rxc2 1-0


[Site "https://www.chess.com"]

[Event "Titled Tuesday Blitz October 11 Early 2022"]
[White "Zaloznyy, Mike"]
[Black "Kiseljova, Marya"]
[WhiteFideId "2023075"]
[BlackFideId "4155009"]
[WhiteElo "2126"]
[BlackElo "1931"]
[Result "0-1"]
[Round "11"]
[TimeControl "180+1"]
[Date "2022.10.12"]
[WhiteClock "0:00:04"]
[BlackClock "0:00:21"]

1. Nf3 d5 2. b3 Bg4 3. Ne5 Bf5 4. g4 Bg6 5. h4 Qd6 6. Bb2 h5 7. Bg2 hxg4 8. Nxg6 Qxg6 9. Bxd5 c6 10. Bg2 Nf6 11. Nc3 Nbd7 12. e3 e5 13. Qe2 Qxc2 14. Na4 Bb4 15. Rc1 Qf5 16. Qc4 Be7 17. Nc3 O-O 18. h5 Rac8 19. h6 g6 20. Ne2 b5 21. Qc3 Ne4 22. h7+ Kh8 23. Bxe4 Qxe4 24. Ng3 Qf3 25. Qd3 f5 26. Qxd7 Bf6 27. Rxc6 Rxc6 28. Qxc6 Qxc6 0-1


[Site "https://www.chess.com"]

[Event "Titled Tuesday Blitz October 11 Early 2022"]
[White "Zhigalko, Sergei"]
[Black "Vachylia, Andrii"]
[WhiteFideId "13502956"]
[BlackFideId "14137224"]
[WhiteElo "2662"]
[BlackElo "2318"]
[Result "0-1"]
[Round "11"]
[TimeControl "180+1"]
[Date "2022.10.11"]
[WhiteClock "0:00:03"]
[BlackClock "0:00:08"]

1. e4 c5 2. Nf3 d6 3. d4 cxd4 4. Qxd4 Nc6 5. Bb5 Bd7 6. Bxc6 Bxc6 7. Nc3 Nf6 8. Bg5 e6 9. O-O-O Be7 10. Rhe1 O-O 11. Kb1 Rc8 12. Qd3 a6 13. Nd4 b5 14. f3 Bb7 15. g4 Nd7 16. Bxe7 Qxe7 17. Qe3 Ne5 18. b3 Rc7 19. Rd2 Rfc8 20. Nce2 Nc6 21. g5 g6 22. h4 Nxd4 23. Qxd4 e5 24. Qb6 Rc6 25. Qe3 a5 26. h5 a4 27. h6 axb3 28. cxb3 b4 29. Rc1 Qc7 30. Rdd1 Ba6 31. Rxc6 Qxc6 32. Rc1 Qb7 33. Rxc8+ Qxc8 34. Nc1 Qb7 35. Qd2 Qb6 36. Qd5 Bb7 37. Qc4 Ba6 38. Qc2 Qd8 39. Qd2 Qb6 40. Kb2 Kf8 41. Qc2 Ke7 42. Kb1 Kd7 43. Qd2 Qc5 44. Kb2 Bb5 45. Kb1 Ba6 46. Kb2 Ke6 47. Kb1 Bb5 48. Kb2 Qd4+ 49. Qxd4 exd4 50. Kc2 Ke5 51. Nd3+ Bxd3+ 52. Kxd3 Kf4 53. Kxd4 Kxg5 54. e5 dxe5+ 55. Kxe5 Kxh6 56. Kd4 Kg5 57. a4 bxa3 58. Kc3 Kf5 59. b4 Ke5 60. b5 Kd6 61. Kb3 Kc5 62. Kxa3 Kxb5 63. Kb3 Kc5 64. Kc3 Kd5 65. Kd3 Ke5 66. Ke3 Kf5 67. f4 h5 68. Kf3 h4 69. Ke3 Kg4 70. f5 h3 0-1


[Site "https://www.chess.com"]

[Event "Titled Tuesday Blitz October 11 Early 2022"]
[White "Ziatdinov, Raset"]
[Black "Makhmudov, Shukhrat"]
[WhiteFideId "2015323"]
[BlackFideId "14200775"]
[WhiteElo "2220"]
[BlackElo "2135"]
[Result "1-0"]
[Round "11"]
[TimeControl "180+1"]
[Date "2022.10.12"]
[WhiteClock "0:00:57"]
[BlackClock "0:00:44"]

1. Nc3 d5 2. d4 Nf6 3. Bf4 c6 4. e3 Bf5 5. f3 h6 6. g4 Bh7 7. h4 h5 8. g5 Nfd7 9. Bd3 Bxd3 10. Qxd3 g6 11. O-O-O e6 12. e4 Bg7 13. exd5 cxd5 14. Nb5 Na6 15. Nd6+ Ke7 16. Nxb7 Qb6 17. Qa3+ Nb4 18. Bd6+ Ke8 19. Qxb4 Qxb4 20. Bxb4 Bf8 21. Bxf8 Kxf8 22. Ne2 Ke7 23. Nf4 Rhc8 24. Rhe1 Kf8 25. Nd6 Rc6 26. Nb5 a6 27. Nc3 Nb6 28. Nd3 Rac8 29. Ne5 R6c7 30. Nxg6+ fxg6 31. Rxe6 Nc4 32. Nxd5 Rc6 33. Rde1 Nd6 34. c3 Nf5 35. Rxc6 Rxc6 36. Re4 Ng3 37. Rf4+ Kg7 38. Rf6 Rxf6 39. Nxf6 Nf5 40. d5 Nxh4 41. c4 Nxf3 42. c5 Nxg5 43. c6 Nf7 44. Ne8+ Kf8 45. c7 Kxe8 46. c8=Q+ 1-0


[Site "https://www.chess.com"]

[Event "Titled Tuesday Blitz October 11 Early 2022"]
[White "Zierk, Steven"]
[Black "Munkhgal, Gombosuren"]
[WhiteFideId "2034255"]
[BlackFideId "4901266"]
[WhiteElo "2494"]
[BlackElo "2576"]
[Result "1-0"]
[Round "11"]
[TimeControl "180+1"]
[Date "2022.10.11"]
[WhiteClock "0:00:08"]
[BlackClock "0:00:01"]

1. e4 e6 2. d4 d5 3. Nd2 c5 4. exd5 Qxd5 5. Ngf3 cxd4 6. Bc4 Qd6 7. O-O Nf6 8. Nb3 Nc6 9. Nbxd4 Nxd4 10. Nxd4 a6 11. c3 Qc7 12. Bb3 Bd6 13. Qf3 Bxh2+ 14. Kh1 Be5 15. Re1 Bd7 16. Bg5 h6 17. Bh4 O-O-O 18. Rad1 Rhf8 19. Qe2 Bd6 20. Nf3 g5 21. Rxd6 Qxd6 22. Bg3 Qc5 23. Ne5 Bb5 24. Qf3 Nd5 25. c4 f6 26. Nd3 Qd4 27. cxb5 g4 28. Qe2 e5 29. Nxe5 fxe5 30. Bxe5 Qc5 31. Qxg4+ Rd7 32. Bxd5 Qxd5 33. Rc1+ Kd8 34. Qh4+ Ke8 35. Rc8+ Rd8 36. Qh5+ Qf7 37. Rxd8+ Kxd8 38. Qxh6 Ke8 39. Qd6 Qd7 40. Qxd7+ Kxd7 41. bxa6 bxa6 42. f3 Ke6 43. Bc3 Kf5 44. Kg1 Rg8 45. Kf2 Kf4 46. Bd2+ Kf5 47. g4+ Ke6 48. Kg3 Rc8 49. Bc3 Rd8 50. f4 Rd3+ 51. Kh4 Kf7 52. f5 a5 53. Bxa5 Re3 54. Bc3 Re2 55. a4 Re4 56. a5 Ra4 57. Kh5 Ra1 58. g5 Rf1 59. g6+ Kg8 60. Kg5 Rg1+ 61. Kf4 Rf1+ 62. Ke4 Ra1 63. f6 Ra4+ 64. Kf5 Rc4 65. a6 Rc5+ 66. Be5 Ra5 67. f7+ Kf8 68. a7 Rxa7 69. Bd6+ Re7 70. Bxe7+ Kg7 71. f8=Q# 1-0


[Site "https://www.chess.com"]

[Event "Titled Tuesday Blitz October 11 Early 2022"]
[White "Zou, Chen"]
[Black "Garv Gaur"]
[WhiteFideId "8610959"]
[BlackFideId "45030839"]
[WhiteElo "2325"]
[BlackElo "1960"]
[Result "0-1"]
[Round "11"]
[TimeControl "180+1"]
[Date "2022.10.11"]
[WhiteClock "0:00:19"]
[BlackClock "0:00:38"]

1. e4 c6 2. d4 d5 3. Nc3 dxe4 4. Nxe4 Bf5 5. Ng3 Bg6 6. h4 h6 7. h5 Bh7 8. Nf3 Nd7 9. Bd3 Bxd3 10. Qxd3 e6 11. Bf4 Qa5+ 12. c3 Ngf6 13. a3 Nd5 14. Bd2 Qc7 15. O-O-O Rd8 16. Rhe1 Be7 17. Kb1 N7f6 18. Ne5 O-O 19. Qf3 c5 20. dxc5 Qxc5 21. Bc1 Nb6 22. Rxd8 Rxd8 23. Qxb7 Nfd7 24. Nc6 Rc8 25. Nxe7+ Qxe7 26. Qxa7 Qc5 27. Be3 Qc6 28. Qa6 Ra8 29. Qd3 Nc4 30. Bc1 Rb8 31. Ka1 Nc5 32. Qc2 Nb3+ 33. Ka2 Nxc1+ 34. Rxc1 Rxb2+ 35. Qxb2 Nxb2 36. Kxb2 Qxg2 37. Rc2 f5 38. c4 f4 39. Ne2 Qxf2 40. c5 f3 41. Nc1 Qd4+ 42. Ka2 f2 43. Nb3 Qf4 44. c6 f1=Q 45. c7 Qxc7 46. Rxc7 Qe2+ 47. Kb1 Qxh5 48. a4 Qh1+ 49. Rc1 Qe4+ 50. Kb2 Qxa4 51. Ra1 Qc6 52. Rc1 Qd5 53. Rc3 h5 54. Rc2 h4 55. Nc1 h3 56. Kb1 Qf5 57. Kb2 Qxc2+ 0-1